SA
NEBRASKA PLAINSMEN @ CONNETQUOT CHIEFS
07/26/2022
 
TOP OF THE 1ST
Nebraska Plainsmen batting - Pitching for Connetquot Chiefs : LHP Song-saeng Kim
Pitching: LHP Song-saeng Kim
Batting: RHB Bartolo Benítez 0-0: Foul Ball, location: 2F
0-1: Ball
1-1: Foul Ball, location: 2F
1-2: Ground out 4-3 (Groundball, 4M)
Batting: RHB Young-hwan Hyon 0-0: Ball
1-0: Fly out, F6 (Line Drive, 6)
Batting: RHB Manny Rodríguez 0-0: Ball
1-0: Called Strike
1-1: Swinging Strike
1-2: Ball
2-2: Strikes out swinging
Top of the 1st over - 0 run(s), 0 hit(s), 0 error(s), 0 left on base; Nebraska 0 - Connetquot 0
BOTTOM OF THE 1ST
Connetquot Chiefs batting - Pitching for Nebraska Plainsmen : RHP Frank Glass
Pitching: RHP Frank Glass
Batting: RHB Mario Rivera 0-0: Called Strike
0-1: Swinging Strike
0-2: Ball
1-2: Strikes out looking
Batting: RHB David Pérez 0-0: Fly out, F7 (Line Drive, 7M)
Batting: RHB Arturo Morales 0-0: Called Strike
0-1: Ball
1-1: SINGLE (Groundball, 5)
Batting: RHB Menno van de Vlugt 0-0: Ground out 1-3 (Groundball, 15S)
Bottom of the 1st over - 0 run(s), 1 hit(s), 0 error(s), 1 left on base; Nebraska 0 - Connetquot 0
TOP OF THE 2ND
Nebraska Plainsmen batting - Pitching for Connetquot Chiefs : LHP Song-saeng Kim
Batting: SHB Javier Zumaya 0-0: Ground out 4-3 (Groundball, 4)
Batting: RHB Mike Thompson 0-0: Ball
1-0: DOUBLE (Line Drive, 5D)
Batting: RHB Dani Trejo 0-0: Called Strike
0-1: Foul Ball, location: 2F
0-2: Ball
1-2: Strikes out swinging
Batting: RHB Miguel Gómez 0-0: Called Strike
0-1: Fly out, F9 (Flyball, 9LS)
Top of the 2nd over - 0 run(s), 1 hit(s), 0 error(s), 1 left on base; Nebraska 0 - Connetquot 0
BOTTOM OF THE 2ND
Connetquot Chiefs batting - Pitching for Nebraska Plainsmen : RHP Frank Glass
Batting: RHB José Magana 0-0: Swinging Strike
0-1: Called Strike
0-2: Ball
1-2: Ball
2-2: Foul Ball, location: 2F
2-2: Ball
3-2: Base on Balls
Batting: SHB Britt Ducker 0-0: Called Strike
0-1: Ground out 4-3 (Groundball, 4S)
José Magana to second
Batting: LHB Félix Fernández 0-0: Foul Ball, location: 2F
0-1: Swinging Strike
0-2: Foul Ball, location: 2F
0-2: Foul Ball, location: 2F
0-2: Foul Ball, location: 2F
0-2: Hit by Pitch
Batting: RHB Emanuel Bree 0-0: Called Strike
0-1: Foul Ball, location: 2F
0-2: Strikes out looking
Batting: RHB John Burton 0-0: Fly out, F3 (Popup, 3D)
Bottom of the 2nd over - 0 run(s), 0 hit(s), 0 error(s), 2 left on base; Nebraska 0 - Connetquot 0
TOP OF THE 3RD
Nebraska Plainsmen batting - Pitching for Connetquot Chiefs : LHP Song-saeng Kim
Batting: LHB Alex Willis 0-0: Ball
1-0: Swinging Strike
1-1: Called Strike
1-2: Strikes out swinging
Batting: RHB George St. Clair 0-0: Ball
1-0: Called Strike
1-1: Fly out, F4 (Popup, 34)
Batting: RHB Bartolo Benítez 0-0: Foul Ball, location: 2F
0-1: Foul Ball, location: 2F
0-2: Strikes out swinging
Top of the 3rd over - 0 run(s), 0 hit(s), 0 error(s), 0 left on base; Nebraska 0 - Connetquot 0
BOTTOM OF THE 3RD
Connetquot Chiefs batting - Pitching for Nebraska Plainsmen : RHP Frank Glass
Batting: RHB Mario Rivera 0-0: Bunt missed!
0-1: Foul Ball, location: 2F
0-2: Strikes out swinging
Batting: RHB David Pérez 0-0: Ball
1-0: Called Strike
1-1: Ball
2-1: Called Strike
2-2: Strikes out swinging
Batting: RHB Arturo Morales 0-0: Called Strike
0-1: Ball
1-1: Ball
2-1: Ground out 4-3 (Groundball, 4)
Bottom of the 3rd over - 0 run(s), 0 hit(s), 0 error(s), 0 left on base; Nebraska 0 - Connetquot 0
TOP OF THE 4TH
Nebraska Plainsmen batting - Pitching for Connetquot Chiefs : LHP Song-saeng Kim
Batting: RHB Young-hwan Hyon 0-0: Called Strike
0-1: Ball
1-1: Ball
2-1: Ball
3-1: Base on Balls
Batting: RHB Manny Rodríguez 0-0: Ball
1-0: Called Strike
1-1: Grounds into double play, 5-4-3 (Groundball, 56)
Batting: SHB Javier Zumaya 0-0: Foul Ball, location: 2F
0-1: Called Strike
0-2: Strikes out looking
Top of the 4th over - 0 run(s), 0 hit(s), 0 error(s), 0 left on base; Nebraska 0 - Connetquot 0
BOTTOM OF THE 4TH
Connetquot Chiefs batting - Pitching for Nebraska Plainsmen : RHP Frank Glass
Batting: RHB Menno van de Vlugt 0-0: Called Strike
0-1: Fly out, F6 (Popup, 6D)
Batting: RHB José Magana 0-0: Ball
1-0: Foul Ball, location: 2F
1-1: Ball
2-1: Called Strike
2-2: Foul Ball, location: 2F
2-2: Foul Ball, location: 2F
2-2: Strikes out swinging
Batting: SHB Britt Ducker 0-0: Called Strike
0-1: SINGLE (Groundball, 34D)
Batting: LHB Félix Fernández 0-0: Ball
1-0: Foul Ball, location: 2F
1-1: Foul Ball, location: 2F
1-2: Fielders Choice at 2nd, U6 (Groundball, 6M)
Bottom of the 4th over - 0 run(s), 1 hit(s), 0 error(s), 1 left on base; Nebraska 0 - Connetquot 0
TOP OF THE 5TH
Nebraska Plainsmen batting - Pitching for Connetquot Chiefs : LHP Song-saeng Kim
Batting: RHB Mike Thompson 0-0: Ball
1-0: Called Strike
1-1: Ball
2-1: Ball
3-1: Foul Ball, location: 2F
3-2: Base on Balls
Batting: RHB Dani Trejo 0-0: Sac Bunt - play at first, batter OUT! 1-4
Mike Thompson to second
Batting: RHB Miguel Gómez 0-0: Ball
1-0: Ground out 1-3 (Groundball, 13S)
Mike Thompson to third
Batting: LHB Alex Willis 0-0: Called Strike
0-1: Ball
1-1: Fly out, F7 (Flyball, 7M)
Top of the 5th over - 0 run(s), 0 hit(s), 0 error(s), 1 left on base; Nebraska 0 - Connetquot 0
BOTTOM OF THE 5TH
Connetquot Chiefs batting - Pitching for Nebraska Plainsmen : RHP Frank Glass
Batting: RHB Emanuel Bree 0-0: Foul Ball, location: 2F
0-1: Ball
1-1: Foul Ball, location: 2F
1-2: Ground out 6-3 (Groundball, 56)
Batting: RHB John Burton 0-0: Called Strike
0-1: Ball
1-1: Ball
2-1: Ball
3-1: Foul Ball, location: 2F
3-2: Foul Ball, location: 2F
3-2: Strikes out swinging
Batting: RHB Mario Rivera 0-0: Ball
1-0: Ball
2-0: Ball
3-0: Base on Balls
Batting: RHB David Pérez 0-0: Ball
1-0: SINGLE (Groundball, 6MD)
Mario Rivera to second
Runner from 2nd tries for 3rd, SAFE, no throw or cutoff
Batting: RHB Arturo Morales 0-0: Called Strike
0-1: Ball
1-1: Called Strike
1-2: Ball
2-2: Foul Ball, location: 2F
2-2: Foul Ball, location: 2F
2-2: Ball
3-2: Strikes out looking
Bottom of the 5th over - 0 run(s), 1 hit(s), 0 error(s), 2 left on base; Nebraska 0 - Connetquot 0
TOP OF THE 6TH
Nebraska Plainsmen batting - Pitching for Connetquot Chiefs : LHP Song-saeng Kim
Batting: RHB George St. Clair 0-0: Fly out, F7 (Flyball, 7M)
Batting: RHB Bartolo Benítez 0-0: Swinging Strike
0-1: DOUBLE (Groundball, 5L)
Batting: RHB Young-hwan Hyon 0-0: Intentional Walk
Batting: RHB Manny Rodríguez 0-0: Ball
1-0: Foul Ball, location: 2F
1-1: Called Strike
Bartolo Benítez steals 3rd base
Young-hwan Hyon to second
1-2: Strikes out swinging
Batting: SHB Javier Zumaya 0-0: Ball
1-0: Ball
2-0: Ground out 6-3 (Groundball, 6D)
Top of the 6th over - 0 run(s), 1 hit(s), 0 error(s), 2 left on base; Nebraska 0 - Connetquot 0
BOTTOM OF THE 6TH
Connetquot Chiefs batting - Pitching for Nebraska Plainsmen : RHP Frank Glass
Batting: RHB Menno van de Vlugt 0-0: Called Strike
0-1: Ground out 4-3 (Groundball, 4)
Batting: RHB José Magana 0-0: Ball
1-0: Foul Ball, location: 2F
1-1: Foul Ball, location: 2F
1-2: Ground out 5-3 (Groundball, 5)
Batting: SHB Britt Ducker 0-0: Foul Ball, location: 2F
0-1: Ball
1-1: Called Strike
1-2: Ball
2-2: TRIPLE (Groundball, 3D)
Batting: LHB Félix Fernández 0-0: Intentional Walk
Batting: RHB Emanuel Bree 0-0: Foul Ball, location: 2F
0-1: Fly out, F8 (Line Drive, 8LM)
Bottom of the 6th over - 0 run(s), 1 hit(s), 0 error(s), 2 left on base; Nebraska 0 - Connetquot 0
TOP OF THE 7TH
Nebraska Plainsmen batting - Pitching for Connetquot Chiefs : LHP Song-saeng Kim
Batting: RHB Mike Thompson 0-0: Swinging Strike
0-1: Called Strike
0-2: Foul Ball, location: 2F
0-2: Ball
1-2: Foul Ball, location: 2F
1-2: DOUBLE (Flyball, 89M)
Batting: RHB Dani Trejo 0-0: Intentional Walk
Batting: RHB Miguel Gómez 0-0: Ball
1-0: Fielders Choice at 2nd, 3-6 (Groundball, 3)
Mike Thompson to third
Batting: LHB Alex Willis 0-0: Called Strike
0-1: Foul Ball, location: 2F
0-2: Strikes out swinging
Pinch Hitting: RHB Jim Unknown 0-0: Ball
1-0: Ball
2-0: Ball
3-0: Called Strike
3-1: Called Strike
3-2: Base on Balls
Miguel Gómez to second
Batting: RHB Bartolo Benítez 0-0: Reached on Error, E6 (Popup, 6M)
Mike Thompson scores
Miguel Gómez to third
Jim Unknown to second
Batting: RHB Young-hwan Hyon 0-0: Called Strike
0-1: Fly out, F9 (Flyball, 89M)
Top of the 7th over - 1 run(s), 1 hit(s), 1 error(s), 3 left on base; Nebraska 1 - Connetquot 0
BOTTOM OF THE 7TH
Connetquot Chiefs batting - Pitching for Nebraska Plainsmen : RHP Frank Glass
Now in CF: Jim Unknown
Batting: RHB John Burton 0-0: Ball
1-0: Ball
2-0: Ball
3-0: Base on Balls
Batting: RHB Mario Rivera 0-0: Ball
1-0: Sac Bunt - play at first, batter OUT! 1-4
John Burton to second
Pinch Hitting: RHB Miguel Rodríguez 0-0: Ball
1-0: Fly out, F4 (Line Drive, 4)
Batting: RHB Arturo Morales 0-0: Swinging Strike
0-1: Foul Ball, location: 2F
0-2: Strikes out looking
Bottom of the 7th over - 0 run(s), 0 hit(s), 0 error(s), 1 left on base; Nebraska 1 - Connetquot 0
TOP OF THE 8TH
Nebraska Plainsmen batting - Pitching for Connetquot Chiefs : LHP Song-saeng Kim
Now in RF: Miguel Rodríguez
Batting: RHB Manny Rodríguez 0-0: DOUBLE (Line Drive, 7LS)
Pinch Hitting: RHB Ricardo Baraja 0-0: Ball
1-0: Fly out, F8 (Flyball, 8LM)
Batting: RHB Mike Thompson 0-0: Called Strike
0-1: Swinging Strike
0-2: Foul Ball, location: 2F
0-2: Ball
1-2: Ball
2-2: Ball
3-2: SINGLE (Line Drive, 5D)
Manny Rodríguez to third
Batting: RHB Dani Trejo 0-0: Ball
1-0: Called Strike
1-1: Grounds into double play, 6-4-3 (Groundball, 6M)
Top of the 8th over - 0 run(s), 2 hit(s), 0 error(s), 1 left on base; Nebraska 1 - Connetquot 0
BOTTOM OF THE 8TH
Connetquot Chiefs batting - Pitching for Nebraska Plainsmen : RHP Frank Glass
Now at C: Juan Suárez
Now at 1B: Pedro Gutiérrez
Batting: RHB Menno van de Vlugt 0-0: Ball
1-0: Ball
2-0: Ball
3-0: Called Strike
3-1: SINGLE (Groundball, 4MD)
Pitching: LHP Jim Unknown
Pinch Runner at 1st Rúbem Corvo:
Batting: RHB José Magana 0-0: Ball
1-0: Called Strike
1-1: Called Strike
1-2: Ball
2-2: Strikes out swinging
Pinch Hitting: RHB Jim Unknown 0-0: Foul Ball, location: 2F
0-1: Fly out, F5 (Line Drive, 5)
Pinch Hitting: RHB Jim Unknown 0-0: 2-RUN HOME RUN (Flyball, 7D), Distance : 404 ft
Batting: RHB Emanuel Bree 0-0: Ball
1-0: Ball
2-0: Swinging Strike
2-1: Swinging Strike
2-2: Foul Ball, location: 2F
2-2: Foul Ball, location: 2F
2-2: Strikes out looking
Bottom of the 8th over - 2 run(s), 2 hit(s), 0 error(s), 0 left on base; Nebraska 1 - Connetquot 2
TOP OF THE 9TH
Nebraska Plainsmen batting - Pitching for Connetquot Chiefs : LHP Song-saeng Kim
Pitching: RHP Jim Unknown
Now at C: Tim Taylor
Now at 2B: Jim Unknown
Now at 3B: Fernando Mendoza
Now in LF: Rúbem Corvo
Batting: RHB Miguel Gómez 0-0: Swinging Strike
0-1: Ball
1-1: SINGLE (Line Drive, 9S)
Batting: LHB Alex Willis 0-0: Bunted foul
0-1: Sac Bunt - play at second, runner OUT! 1-6
Batting: RHB Jim Unknown 0-0: Called Strike
0-1: Ground out 5-3 (Groundball, 56)
Alex Willis to second
Pinch Hitting: RHB Bernaldyn Berbedo 0-0: Ball
1-0: Ball
2-0: Called Strike
2-1: Ball
3-1: Base on Balls
Batting: RHB Young-hwan Hyon 0-0: Ball
1-0: Swinging Strike
1-1: Ground out 4-3 (Groundball, 4)
Top of the 9th over - 0 run(s), 1 hit(s), 0 error(s), 2 left on base; Nebraska 1 - Connetquot 2
This league is powered by Out of the Park Baseball, the baseball management simulation game for PC, Mac and Linux
Friday, April 15th, 2016 - OOTP Baseball 16.9 Build 39